 Dungeon Sprint DCSS version 0.27.1 (webtiles) character file.

Game seed: 5356104734277416734

175 styxcanada the Covert (level 5, -2/28 HPs)
             Began as a Spriggan Brigand on Aug 29, 2021.
             Was an Initiate of Gozag.
             Slain by a spriggan (4 damage)
             ... in the Dungeon (Sprint IV: "Fedhas' Mad Dash").
             The game lasted 00:02:24 (128 turns).

styxcanada the Covert (Spriggan Brigand)             Turns: 128, Time: 00:02:24

Health: -2/28      AC:  3    Str:  7    XL:     5   Next: 29%
Magic:  5/6        EV: 19    Int: 12    God:    Gozag
Gold:   174        SH:  0    Dex: 18    Spells: 4/4 levels left

rFire    . . .     SeeInvis +   a - +2 dagger
rCold    . . .     Faith    .   (shield restricted)
rNeg     . . .     Spirit   .   b - +0 robe
rPois    .         Reflect  .   (helmet restricted)
rElec    .         Harm     .   c - +0 cloak
rCorr    .         Rampage  .   (gloves unavailable)
Will     .....     NoTele   +   (boots unavailable)
Stlth    ++++++....             l - amulet of invisibility {+Inv}
HPRegen  0.09/turn              (no ring)
MPRegen  0.10/turn              (no ring)

@: very slightly contaminated, invisible (expiring), very quick
A: very small, no large weapons, unfitting armour, see invisible, speed 3
a: Renounce Religion, Evoke Invisibility, Potion Petition, Call Merchant, Bribe
Branch


You were in the Dungeon.
You worshipped Gozag.
Gozag was aware of your devotion.
You visited 1 branch You collected 174 gold pieces.

Inventory:

Hand Weapons
 a - a +2 dagger (weapon)
Missiles
 d - 5 poisoned darts (quivered)
 e - 2 curare-tipped darts
 m - 13 sling bullets
Armour
 b - a +0 robe (worn)
 c - a +0 cloak (worn)
Jewellery
 l - the amulet of invisibility (around neck) {+Inv}
   (You found it in the Dungeon)

   [amulet of nothing]

   +Inv:      It lets you turn invisible.
Scrolls
 k - a scroll of blinking
Potions
 f - a potion of curing
 g - a potion of heal wounds
 h - a potion of haste
 i - 2 potions of magic
 j - a potion of berserk rage


   Skills:
 * Level 3.2 Fighting
 + Level 3.4 Short Blades
 + Level 2.8 Throwing
 * Level 4.6 Dodging
 * Level 14.1 Stealth
 * Level 2.4 Evocations


You had 4 spell levels left.
You didn't know any spells.
Your spell library was empty.

Dungeon Overview and Level Annotations

Branches:
Dungeon (1/1)

Altars:
Cheibriados
Dithmenos
Elyvilon
Gozag
Hepliaklqana
Kikubaaqudgha
Makhleb
Nemelex Xobeh
Okawaru
Qazlal
Ru
Sif Muna
Trog
Uskayaw
Vehumet
Wu Jian
Xom
Yredelemnul
Zin
The Shining One
Beogh
Jiyva
Lugonu


Innate Abilities, Weirdness & Mutations

You are very small and have problems with some larger weapons.
You are too small for most types of armour.
You have supernaturally acute eyesight. (SInv)
You cover ground extremely quickly. (Speed+++)


Message History

Found 4 gold pieces.
A scorpion comes into view.
Found 27 gold pieces.
The spriggan shouts!
The spriggan misses you.
There is an open door here.
The spriggan blocks your attack.
You hit the spriggan but do no damage. The spriggan hits you with a +0 rapier!
The spriggan misses you.
You see here 22 bolts.
There is an open door here.
There is a corrupted altar of Lugonu here.
Throw: 8 darts (poison)
Press: ? - help, Q - select action, (/) - cycle Shift-Dir - straight line, f - spriggan
Aim: a spriggan, wielding a +0 rapier, wearing a +0 robe and wearing a +0 buckler (36% to hit)
You throw a poisoned dart. The spriggan blocks the poisoned dart.
The spriggan hits you with a +0 rapier!
Ouch! That really hurt!
* * * LOW HITPOINT WARNING * * *
There is an ancient bone altar of Kikubaaqudgha here.
There is a viscous altar of Jiyva here.
Throw: 7 darts (poison)
Press: ? - help, Q - select action, (/) - cycle Shift-Dir - straight line, f/p - spriggan
Aim: a spriggan, wielding a +0 rapier, wearing a +0 robe and wearing a +0 buckler (36% to hit)
You throw a poisoned dart. The poisoned dart hits the spriggan.
The spriggan is poisoned.
The spriggan closely misses you. The spriggan completely misses you.
There is a hazy altar of Hepliaklqana here.
There is an opulent altar of Gozag here.
There is an open door here.
Throw: 6 darts (poison)
Press: ? - help, Q - select action, (/) - cycle Shift-Dir - straight line, f/p - spriggan
Aim: a spriggan, wielding a +0 rapier, wearing a +0 robe and wearing a +0 buckler (moderately wounded, poisoned, 36% to hit)
You throw a poisoned dart. The poisoned dart hits the spriggan.
The spriggan looks even sicker.
The spriggan is moderately wounded.
You flicker for a moment.
The spriggan hits you with a +0 rapier.
You die...
Your body crumbles into a pile of gold.

#################################
<..P#.....#.....#i⌠._._._._.⌠.#.(
PP..'.(...'.#|..@i._._._._._..'..
PPPP#...†.#.#†..#..._._._._...#..
##############+##.._._._._._..#..
#._._._._._.⌠.### $
$###############


$$$$ $$ $ You could see 2 spriggans.

Vanquished Creatures
  A scorpion (D)
  3 oklob saplings (D)
  A river rat (D)
  A rat (D)
6 creatures vanquished.

Notes
Turn   | Place    | Note
-------+----------+-------------------------------------------
     0 | D        | styxcanada the Spriggan Brigand began the quest for the
                  | Orb.
     0 | D        | Reached XP level 1. HP: 10/10 MP: 2/2
     9 | D        | Reached skill level 8 in Stealth
     9 | D        | Reached XP level 2. HP: 15/15 MP: 3/3
    12 | D        | Noticed an oklob sapling
    14 | D        | Killed an oklob sapling
    15 | D        | Reached skill level 10 in Stealth
    15 | D        | Reached XP level 3. HP: 19/19 MP: 4/4
    16 | D        | Noticed a scorpion
    16 | D        | Found the amulet of invisibility {+Inv}
    18 | D        | Killed a scorpion
    19 | D        | Reached skill level 12 in Stealth
    19 | D        | Reached XP level 4. HP: 23/23 MP: 5/5
    50 | D        | Found an opulent altar of Gozag.
    50 | D        | Found a hazy altar of Hepliaklqana.
    50 | D        | Found a burning altar of Makhleb.
    50 | D        | Found a sparkling altar of Nemelex Xobeh.
    50 | D        | Found a snail-covered altar of Cheibriados.
    50 | D        | Found a sacrificial altar of Ru.
    50 | D        | Found a shimmering blue altar of Sif Muna.
    50 | D        | Found a shimmering altar of Xom.
    50 | D        | Found a basalt altar of Yredelemnul.
    51 | D        | Found a viscous altar of Jiyva.
    51 | D        | Found a bloodstained altar of Trog.
    51 | D        | Found an ornate altar of the Wu Jian Council.
    52 | D        | Found an iron altar of Okawaru.
    52 | D        | Found a shadowy altar of Dithmenos.
    52 | D        | Found a glowing silver altar of Zin.
    53 | D        | Found an ancient bone altar of Kikubaaqudgha.
    53 | D        | Found a hide-covered altar of Uskayaw.
    54 | D        | Found a stormy altar of Qazlal.
    54 | D        | Found a white marble altar of Elyvilon.
    54 | D        | Found a glowing golden altar of the Shining One.
    55 | D        | Became a worshipper of Gozag Ym Sagoz the Greedy
    56 | D        | Found a corrupted altar of Lugonu.
    56 | D        | Found a radiant altar of Vehumet.
    60 | D        | Reached skill level 13 in Stealth
    60 | D        | Reached skill level 1 in Evocations
    60 | D        | Reached XP level 5. HP: 28/28 MP: 3/6
    72 | D        | Reached skill level 14 in Stealth
   116 | D        | HP: 1/28 [spriggan (14)]
   128 | D        | Slain by a spriggan

Illustrated notes

Levels and vault maps discovered:
D:        dungeon_sprint_fedhas [sprint_temple]

Skill      XL: |  1  2  3  4  5 |
---------------+----------------+-----
Fighting       | 2 3 |  3.2
Dodging        | 2 3 4 |  4.6
Stealth        | 8 10 12 13 14 | 14.1
Short Blades   | 3 |  3.4
Evocations     | 1 2 |  2.4
Throwing       | |  2.8

Action                   |  1- 3 |  4- 6 || total
-------------------------+-------+-------++-------
Melee: Dagger            |     4 |     4 ||     8
Throw: Dart              |       |     3 ||     3
 Abil: Evoke Invisibilit |       |     2 ||     2
 Stab: Sleeping          |     4 |     2 ||     6
Dodge: Dodged            |       |     4 ||     4
